 Dungeon Crawl Stone Soup version 0.31-a0-204-g7da18cac08 (webtiles) character file.

Game seed: 9276421965362385171

30 qw the Shooter (level 3, 0/20 HPs)
             Began as a Deep Elf Hunter on June 27, 2023.
             Succumbed to an adder's poison
             ... on level 2 of the Dungeon.
             The game lasted 00:00:17 (701 turns).

qw the Shooter (Deep Elf Hunter)                     Turns: 701, Time: 00:00:18

Health: 0/20       AC:  3    Str: 10    XL:     3   Next: 3%
Magic:  5/5        EV: 12    Int: 13    God:
Gold:   36         SH:  0    Dex: 18    Spells: 2/2 levels left

rFire   . . .        Y - +0 shortbow
rCold   . . .        (shield currently unavailable)
rNeg    . . .        c - +0 leather armour
rPois   .            (no helmet)
rElec   .            (no cloak)
rCorr   .            (no gloves)
SInv    .            (no boots)
Will    .....        (no amulet)
Stlth   ++           (no ring)
HPRegen 0.23/turn    (no ring)
MPRegen 0.09/turn

%: no passive effects
@: lethally poisoned (0 -> -6)
A: no striking features
a: no special abilities


You were on level 2 of the Dungeon.
You visited 1 branch of the dungeon, and saw 2 of its levels.

You collected 36 gold pieces.


   Skills:
 - Level 1.5 Fighting
 + Level 6.6 Ranged Weapons
 - Level 2.4 Dodging
 - Level 1.2 Stealth


You had 2 spell levels left.
You didn't know any spells.
Your spell library was empty.

Inventory:

Hand Weapons
 Y - a +0 shortbow (weapon)
Armour
 c - a +0 leather armour (worn)
Scrolls
 a - a scroll of immolation {unknown}
Potions
 f - a potion of cancellation {unknown}

Dungeon Overview and Level Annotations

Branches:
Dungeon (2/15)

Altars:
The Shining One


Message History

The jackal barely misses you. The jackal closely misses you.
You shoot an arrow. The arrow barely misses the jackal.
The jackal barely misses you. The jackal misses you. The jackal bites you.
The jackal bites you but does no damage. x2
The jackal barely misses you.
You shoot an arrow. The arrow closely misses the jackal.
The jackal bites you but does no damage.
The jackal bites you. The jackal closely misses you. x2
The jackal barely misses you.
You shoot an arrow. The arrow barely misses the jackal.
The jackal barely misses you.
The jackal bites you but does no damage.
The jackal completely misses you. The jackal closely misses you.
The adder bites you.
You shoot an arrow. The arrow barely misses the jackal.
The jackal bites you. The jackal closely misses you. x2
The adder bites you but does no damage. The jackal closely misses you. x2
The jackal bites you.
You shoot an arrow. The arrow hits the jackal!
You kill the jackal!
The jackal closely misses you. The adder bites you but does no damage.
The jackal barely misses you. The adder bites you.
You are poisoned.
The adder poisons you! The jackal barely misses you.
The jackal bites you but does no damage.
You shoot an arrow. The arrow closely misses the adder.
You feel sick. The jackal bites you.
The jackal bites you but does no damage.
The adder bites you.
You shoot an arrow. The arrow closely misses the adder.
You feel sick. The jackal closely misses you. The jackal bites you.
The adder bites you but does no damage. The jackal barely misses you. x2
The adder barely misses you.
You shoot an arrow. The arrow closely misses the adder.
You feel sick. The jackal bites you. The jackal closely misses you.
The adder bites you.
You are more poisoned.
The adder poisons you!
You shoot an arrow. The arrow closely misses the adder.
You die...

#.....#.. .
#.....#.# ### .
#.....#.# ... ..
#.....#.# ### ...
#.......# ... ....##
#|......# .##
#...#####.....#.#
#.Sh..#)....#.#
#.%@........#.# #
#.h....######.# .
#......######.######
#.....>....%..).....
#.....#######.######
#.....# #.# #######
#.### #...# ###.####


You could see an adder and 2 jackals.

Vanquished Creatures
  A worm (D:2)
  A dart slug (D:1)
  An endoplasm (D:2)
  A giant cockroach (D:1)
  2 goblins
  A hobgoblin (D:1)
  4 jackals
  2 quokkas (D:1)
  6 frilled lizards
  4 kobolds
  A rat (D:1)
24 creatures vanquished.

Notes
Turn   | Place    | Note
-------+----------+-------------------------------------------
     0 | D:1      | qw the Deep Elf Hunter began the quest for the Orb.
     0 | D:1      | Reached XP level 1. HP: 12/12 MP: 3/3
     0 | D:1      | 0 ||| qw: Version: 0.3-a-22-g0ed2b0b
     0 | D:1      | 0 ||| qw: Game counter: 6473
     0 | D:1      | 0 ||| qw: Melee chars always use a shield: true
     0 | D:1      | 0 ||| qw: God list: Okawaru
     0 | D:1      | 0 ||| qw: Allow faded altars: false
     0 | D:1      | 0 ||| qw: Do Orc after clearing Dungeon:15 true
     0 | D:1      | 0 ||| qw: Do second Lair branch before Depths: true
     0 | D:1      | 0 ||| qw: Lair rune preference: random
     0 | D:1      | 0 ||| qw: Goals: Normal
     0 | D:1      | 0 ||| PLANNING D:1-11
   186 | D:1      | Reached skill level 6 in Ranged Weapons
   186 | D:1      | Reached XP level 2. HP: 15/16 MP: 4/4
   505 | D:1      | 505 ||| READING scroll labelled GENUNU EDEOGIM.
   506 | D:1      | 506 ||| READING 2 scrolls labelled ALOUJE VEMIUP.
   507 | D:1      | 507 ||| DROPPING scroll of butterflies.
   508 | D:1      | 508 ||| DROPPING scroll of blinking.
   521 | D:2      | 521 ||| STAIRDANCE
   531 | D:2      | Found a glowing golden altar of the Shining One.
   672 | D:2      | Reached XP level 3. HP: 20/20 MP: 5/5
   699 | D:2      | HP: 5/20 [poisoned by an adder]
   700 | D:2      | HP: 2/20 [adder (1)]
   701 | D:2      | Succumbed to an adder's poison

Levels and vault maps discovered:
D:1:      nicolae_arrival_somewhat_less_tricky_arrival, layout_rooms
D:2:      layout_basic, shapermc_ecumenical_altar_petra, basic_altar,
          minmay_misc_feat_room

Skill      XL: |  1 |
---------------+----+-----
Ranged Weapons | 6 |  6.6
Fighting       | |  1.5
Dodging        | |  2.4
Stealth        | |  1.2

Action                     || total
---------------------------++-------
   Fire: Shortbow          ||    76
    Use: Scroll            ||     2
 Armour: Leather armour    ||    15
  Dodge: Dodged            ||    48

Table legend:
 A = Non-vault XP
 B = Vault XP
 C = Vault XP percentage of total XP
 D = Non-vault monster count
 E = Vault monster count
 F = Vault count percentage of total count
                 A         B        C        D         E       F
            +---------+---------+-------+---------+---------+-------
      Total |      43 |       0 |   0.0 |      24 |       0 |   0.0
            +---------+---------+-------+---------+---------+-------
        D:1 |      27 |       0 |   0.0 |      16 |       0 |   0.0
        D:2 |      16 |       0 |   0.0 |       8 |       0 |   0.0
            +---------+---------+-------+---------+---------+-------
